 Dungeon Crawl Stone Soup version 0.28.0-47-ge53b351184 (webtiles) character file.

Game seed: 17795660138148538635

15495 101zpm the Thaumaturge (level 12, 0/65 HPs)
             Began as a Djinni Fire Elementalist on May 6, 2022.
             Was an Elder of Hepliaklqana.
             Slain by a fire elemental (2 damage)
             ... in a Gauntlet.
             The game lasted 00:44:19 (17073 turns).

101zpm the Thaumaturge (Djinni Fire Elementalist)  Turns: 17073, Time: 00:44:19

Health: 0/65       AC:  9    Str:  7    XL:     12   Next: 58%
Gold:   518        EV: 12    Int: 22    God:    Hepliaklqana [****..] SH:  0 Dex: 14

rFire   + + .      SeeInvis .   (no weapon)
rCold   x . .      Faith    .   (no shield)
rNeg    . . .      Spirit   .   F - +0 troll leather armour
rPois   ∞          Reflect  .   (no helmet)
rElec   .          Harm     .   h - +0 cloak
rCorr   .          Rampage  .   (no gloves)
Will    ++...      NoTele   +   (boots unavailable)
Stlth   ++........              L - amulet of the acrobat
HPRegen 1.00/turn               y - ring of willpower
MPRegen 0.00/turn               G - +4 ring of protection

@: flying
A: reduced essence, sickness immunity, fire resistance 2, cold vulnerability 1,
float, innate caster, HP casting, extra vitality 1
a: Renounce Religion, Recall Ancestor, Ancestor Identity, Transference, Idealise


You were in a Gauntlet.
You worshipped Hepliaklqana.
Hepliaklqana was greatly pleased with you.
You visited 2 branches of the dungeon, and saw 12 of its levels.
You also visited: Gauntlet.

You collected 518 gold pieces.

Inventory:

Missiles
 i - 102 sling bullets
 j - 319 stones
 q - a throwing net
 K - 4 silver boomerangs
Armour
 h - a +0 cloak (worn)
 k - the +2 robe of Xuahucy {Str+4}
   (You found it on level 3 of the Dungeon)

   Str:       It affects your strength (+4).
 F - a +0 troll leather armour (worn)
Jewellery
 y - a ring of willpower (left hand)
 G - a +4 ring of protection (right hand)
 I - an amulet of faith
 L - an amulet of the acrobat (around neck)
 M - the amulet of Viupt {Reflect -Tele rElec rN+ SH+5}
   (You found it in a Gauntlet)

   [amulet of reflection]

   It reflects blocked missile attacks.
   rElec:     It insulates you from electricity.
   rN:        It protects you from negative energy.
   -Tele:     It prevents most forms of teleportation.
   SH:        It affects your SH (+5).
Wands
 a - a wand of polymorph (29)
 B - a wand of flame (10)
 C - a wand of iceblast (10)
 E - a wand of digging (7)
 J - a wand of paralysis (6)
Scrolls
 b - 2 scrolls of teleportation
 l - a scroll of magic mapping
 p - a scroll of holy word
 r - 4 scrolls of blinking
 s - a scroll of enchant weapon
 v - 2 scrolls of vulnerability
 w - a scroll of torment
 D - a scroll of brand weapon {unknown}
 H - a scroll of fear {unknown}
Potions
 c - a potion of haste {unknown}
 d - a potion of flight
 e - 5 potions of curing
 f - a potion of cancellation {unknown}
 g - a potion of berserk rage {unknown}
 m - 5 potions of lignification {unknown}
 n - a potion of invisibility {unknown}
 o - 2 potions of attraction {unknown}
 t - a potion of degeneration {unknown}
 u - a potion of magic {unknown}
 x - 5 potions of heal wounds {unknown}
 z - a potion of resistance {unknown}
 A - a potion of brilliance {unknown}


   Skills:
 + Level 1.4 Fighting
 + Level 1.8 Armour
 + Level 3.1 Dodging
 + Level 4.4 Stealth
 + Level 14.6 Spellcasting


You had 13 spell levels left.
You knew the following spells:

 Your Spells              Type           Power      Damage    Failure   Level
a - Foxfire               Conj/Fire      100%       2x1d9     0%          1
b - Scorch                Fire           100%       2d10      1%          2
c - Conjure Flame         Conj/Fire      69%        6-21      1%          3
d - Inner Flame           Hex/Fire       69%        N/A       1%          3
e - Flame Wave            Conj/Fire      69%        2d13      1%          4
f - Beastly Appendage     Tmut           100%       N/A       0%          1
g - Poisonous Vapours     Pois/Air       100%       N/A       1%          2
h - Swiftness             Air            69%        N/A       1%          3
i - Summon Guardian Gole  Hex/Summ       69%        N/A       1%          3
j - Summon Mana Viper     Hex/Summ       69%        N/A       1%          5
Your spell library was empty.

Dungeon Overview and Level Annotations

Branches:
Dungeon (11/15)            Temple (0/1) D:5            Lair (1/6) D:10
    Orc (0/2) D:11        Gauntlet (1/1)

Altars:
Ashenzari
Dithmenos
Hepliaklqana
Ru
Trog
The Shining One

Shops:
D:2 *

Annotations:
D:9 2 transporters, 101zpm's ghost, journeyman DjFE Gauntlet 21 runed translucent doors, 11 transporters


Innate Abilities, Weirdness & Mutations

Your life essence is reduced to manifest your ancestor. (-10% HP)
You are immune to sickness and miasma.
You are immune to poison.
Your flesh is very heat resistant. (rF++)
You are vulnerable to cold. (rC-)
You float through the air rather than walking.
You learn spells naturally, not from books.
Your magical power is your life essence.
You have superior vitality. (+4 MHP)


Message History

The efreet gestures at you.
The fireball explodes!
The fireball engulfs you. You resist.
* * * LOW HITPOINT WARNING * * *
The fireball engulfs your mana viper!!
The fireball engulfs your guardian golem.
Your guardian golem resists.
Your mana viper bites the fire elemental.
The fire elemental completely misses your mana viper.
Really fly into that dispersal trap?
You swap places.
You enter a dispersal trap!
Your guardian golem blinks!
Your mana viper blinks!
The fire elemental blinks!
Your mana viper blinks!
The fire elemental blinks!
You blink.
You are engulfed in blazing flames.
You resist.
* * * LOW HITPOINT WARNING * * *
Your mana viper bites the fire elemental but does no damage.
The fire elemental hits your mana viper.
The fire elemental burns your mana viper!
The fire elemental completely misses you.
Your mana viper barely misses the fire elemental.
You see here the amulet of Viupt {Reflect -Tele rElec rN+ SH+5}.
It was a potion of curing.
You feel better.
You are engulfed in blazing flames.
You resist.
* * * LOW HITPOINT WARNING * * *
The fire elemental barely misses your mana viper.
Your mana viper completely misses the fire elemental.
The fire elemental hits you. The fire elemental burns you! You resist.
* * * LOW HITPOINT WARNING * * *
The fire elemental hits your mana viper.
The fire elemental burns your mana viper!
M - the amulet of Viupt {Reflect -Tele rElec rN+ SH+5} You are engulfed in blazing flames.
You resist.
* * * LOW HITPOINT WARNING * * *
The efreet gestures at you. The bolt of fire hits you. You resist.
* * * LOW HITPOINT WARNING * * *
Your mana viper bites the fire elemental.
The fire elemental hits you. The fire elemental burns you! You resist.
You die...

#≈.......#.#..≈∩≈..#.#.......
###........#©#...§§§.#©#.......
#8#..###########...###########.
###..#.....§...#...#.........#.
#....#.^##.##^.#...#.##.##.#.#.
###....#.##..E##)#...#?#..#..#.#.
#8#..###.#..S.○#9#...#}#.##.##.##
###..#©#.^..©.hE©#...#©..#©.#..#©
#..#.#.#^...○#@#...#2.##.##..#.
###..#.#.##○..##$#...#4.#..#..4#.
#8#..#.#h^##R##^.#...#.##.##.#4#.
###..#.#...§.^R.§#...#........2#.
.....#.###########.§§###########.
.....#.#..........§§§..........#.
######.#######....§8≈....#######.
©...........©#.....≈.....#©......
##################...############


You could see a reaper, a hellwing, an efreet, 2 fire elementals, a hell hound,
a friendly mana viper (summoned, sheltered) and a friendly guardian golem
(summoned).

Vanquished Creatures
  3 two-headed ogres
  A deep elf pyromancer (D:11)
  An oklob plant (Gauntlet)
  2 cane toads (Lair:1)
  Maggie (D:6)
  3 trolls (D:10)
  Prince Ribbit (D:6)
  2 slime creatures (Gauntlet)
  3 blink frogs (Lair:1)
  Eustachio (D:6)
  A wraith (D:9)
  22 yaks
  A basilisk (Lair:1)
  2 steam dragons (D:8)
  Menkaure (D:6)
  4 acid dragons
  6 water moccasins
  3 orc warriors
  A necrophage (D:5)
  2 ogres
  5 wolves (Lair:1)
  A phantom (D:5)
  2 centaurs
  3 bullfrogs
  Blork the orc (D:4)
  3 scorpions
  A water moccasin skeleton (D:4)
  13 killer bees
  4 wights (D:9)
  A howler monkey (D:8)
  A centaur zombie (D:7)
  4 hounds
  4 jellies
  3 orc priests
  2 iguanas
  6 orc wizards
  A killer bee zombie (D:7)
  3 gnolls (D:3)
  6 adders
  A white imp (D:5)
  An ufetubus (D:6)
  4 worms
  3 dart slugs
  23 orcs
  3 bats
  7 endoplasms
  5 giant cockroaches
  8 goblins
  5 hobgoblins
  3 quokkas
  5 ball pythons
  3 frilled lizards
  5 kobolds
  11 rats
  A spectral orc (D:7)
213 creatures vanquished.

Vanquished Creatures (collateral kills)
  A gargoyle (D:10)
  A cane toad (Lair:1)
  A komodo dragon (D:10)
  A blink frog (Lair:1)
  A yak (Lair:1)
  2 hell hounds (Gauntlet)
  An orc warrior (D:10)
  A wolf (Lair:1)
  A wyvern zombie (D:8)
  A killer bee (D:8)
  An orc wizard (D:10)
  An orc (D:8)
  2 foxfires
15 creatures vanquished.

Vanquished Creatures (others)
  4 hexers
  An ancestor (D:9)
  2 demonic plants (Gauntlet)
  995 foxfires
  3 fungi
  28 plants
1033 creatures vanquished.

Grand Total: 1261 creatures vanquished

Notes
Turn   | Place    | Note
-------+----------+-------------------------------------------
     0 | D:1      | 101zpm the Djinni Fire Elementalist began the quest for the
                  | Orb.
     0 | D:1      | Reached XP level 1. HP: 15/15 MP: 0/0
   436 | D:2      | Reached XP level 2. HP: 16/21 MP: 0/0
   889 | D:2      | Reached skill level 3 in Spellcasting
   889 | D:2      | Reached XP level 3. HP: 20/25 MP: 0/0
   889 | D:2      | Learned a level 1 spell: Beastly Appendage
  1582 | D:2      | Found Mywnaog's General Store.
  1911 | D:2      | Reached XP level 4. HP: 12/31 MP: 0/0
  2540 | D:3      | Noticed an ogre
  2773 | D:1      | Reached XP level 5. HP: 30/35 MP: 0/0
  2773 | D:1      | Learned a level 2 spell: Poisonous Vapours
  3768 | D:1      | Found a faded altar of an unknown god.
  4381 | D:3      | Identified the +2 robe of Xuahucy {Str+4}
  4467 | D:3      | Reached skill level 4 in Spellcasting
  4539 | D:3      | Killed an ogre
  4540 | D:3      | Reached XP level 6. HP: 27/40 MP: 0/0
  4817 | D:3      | Found a broken altar of Ashenzari.
  5656 | D:4      | Reached skill level 5 in Spellcasting
  5853 | D:4      | Reached XP level 7. HP: 25/45 MP: 0/0
  5853 | D:4      | Learned a level 3 spell: Swiftness
  6375 | D:4      | Noticed Blork the orc
  6379 | D:4      | Killed Blork the orc
  6825 | D:5      | Entered Level 5 of the Dungeon
  7133 | D:5      | Found a staircase to the Ecumenical Temple.
  7272 | D:5      | Reached skill level 6 in Spellcasting
  7278 | D:5      | Reached XP level 8. HP: 34/50 MP: 0/0
  7838 | D:5      | Found a glowing golden altar of the Shining One.
  7979 | D:5      | Reached skill level 7 in Spellcasting
  8589 | D:6      | Found a shadowy altar of Dithmenos.
  8627 | D:6      | Noticed Prince Ribbit
  8632 | D:6      | Killed Prince Ribbit
  8637 | D:6      | Noticed Eustachio
  8643 | D:6      | Killed Eustachio
  8644 | D:6      | Reached XP level 9. HP: 31/56 MP: 0/0
  8644 | D:6      | Learned a level 3 spell: Summon Guardian Golem
  8851 | D:6      | Reached skill level 8 in Spellcasting
  8922 | D:6      | Noticed Menkaure
  8925 | D:6      | Killed Menkaure
  9150 | D:6      | Noticed Maggie
  9156 | D:6      | Killed Maggie
  9474 | D:7      | Found a hazy altar of Hepliaklqana.
  9525 | D:7      | Became a worshipper of Hepliaklqana the Forgotten
  9668 | D:7      | Reached skill level 9 in Spellcasting
 10106 | D:7      | Reached * piety under Hepliaklqana
 11002 | D:8      | Reached XP level 10. HP: 42/54 MP: 0/0
 11020 | D:8      | Reached skill level 10 in Spellcasting
 11651 | D:8      | Reached ** piety under Hepliaklqana
 11946 | D:9      | Noticed a two-headed ogre
 12476 | D:9      | Found a sacrificial altar of Ru.
 12486 | D:10     | Entered Level 10 of the Dungeon
 12486 | D:10     | Noticed a gargoyle
 12778 | D:9      | Noticed a two-headed ogre
 12784 | D:9      | Reached skill level 11 in Spellcasting
 12789 | D:9      | Killed a two-headed ogre
 12790 | D:9      | Reached skill level 1 in Fighting
 13072 | D:9      | Found a transporter.
 13079 | D:9      | Noticed 101zpm's ghost (journeyman DjFE)
 13104 | D:9      | Found a transporter.
 13133 | D:9      | Killed a two-headed ogre
 13495 | D:10     | Reached XP level 11. HP: 54/60 MP: 0/0
 13495 | D:10     | Learned a level 5 spell: Summon Mana Viper
 13499 | D:10     | Remembered your ancestor Quintus as a hexer
 13637 | D:10     | Reached skill level 12 in Spellcasting
 13936 | D:10     | Found a staircase to the Lair.
 14383 | D:10     | Noticed a moth of wrath
 14926 | D:10     | Noticed a two-headed ogre
 14933 | D:10     | Killed a two-headed ogre
 14934 | D:10     | Reached skill level 13 in Spellcasting
 15151 | D:10     | Found a bloodstained altar of Trog.
 15603 | Lair:1   | Entered Level 1 of the Lair of Beasts
 15754 | Lair:1   | Reached *** piety under Hepliaklqana
 15772 | Lair:1   | Reached skill level 1 in Armour
 15772 | Lair:1   | Reached XP level 12. HP: 61/65 MP: 0/0
 15967 | Lair:1   | Reached skill level 14 in Spellcasting
 16465 | D:11     | Found a gate leading to a gauntlet.
 16474 | Gauntlet | Entered a Gauntlet
 16474 | Gauntlet | Found a large runed translucent door.
 16474 | Gauntlet | Found a large runed translucent door.
 16474 | Gauntlet | Found a large runed translucent door.
 16474 | Gauntlet | Found a large runed translucent door.
 16474 | Gauntlet | Found a large runed translucent door.
 16474 | Gauntlet | Found a large runed translucent door.
 16474 | Gauntlet | Found a runed translucent door.
 16474 | Gauntlet | Found a transporter.
 16474 | Gauntlet | Found a transporter.
 16474 | Gauntlet | Found a runed translucent door.
 16474 | Gauntlet | Found a large runed translucent door.
 16474 | Gauntlet | Found a large runed translucent door.
 16474 | Gauntlet | Found a large runed translucent door.
 16474 | Gauntlet | Found a large runed translucent door.
 16474 | Gauntlet | Found a large runed translucent door.
 16474 | Gauntlet | Found a large runed translucent door.
 16480 | Gauntlet | Found a transporter.
 16495 | Gauntlet | Found a transporter.
 16521 | Gauntlet | Found a transporter.
 16524 | Gauntlet | Found a transporter.
 16540 | Gauntlet | Found a transporter.
 16603 | Gauntlet | Found a large runed translucent door.
 16603 | Gauntlet | Found a large runed translucent door.
 16604 | Gauntlet | Found a runed translucent gate.
 16604 | Gauntlet | Found a runed translucent gate.
 16604 | Gauntlet | Found a runed translucent gate.
 16606 | Gauntlet | Found a transporter.
 16616 | Gauntlet | Found a large runed translucent door.
 16617 | Gauntlet | Found a large runed translucent door.
 16621 | Gauntlet | Found a transporter.
 16626 | Gauntlet | Noticed a catoblepas
 16642 | Gauntlet | Found a transporter.
 16646 | Gauntlet | Reached **** piety under Hepliaklqana
 16650 | Gauntlet | Found a transporter.
 16654 | Gauntlet | Noticed a reaper
 16734 | Gauntlet | Found a transporter.
 16744 | Gauntlet | Found a transporter.
 16754 | Gauntlet | Found a transporter.
 16778 | Gauntlet | Found a transporter.
 16788 | Gauntlet | Found a transporter.
 17071 | Gauntlet | Identified the amulet of Viupt {Reflect -Tele rElec rN+
                  | SH+5}
 17073 | Gauntlet | HP: 2/65 [efreet/bolt of fire (3)]
 17073 | Gauntlet | Slain by a fire elemental

Illustrated notes

Levels and vault maps discovered:
D:1:      dpeg_arrival_circle_labyrinth_c, layout_loops_ring,
          dilly_ecumenical_altar_fadedgnrine
D:2:      layout_loops_ring, serial_shops, nicolae_diamond_shop
D:3:      layout_loops_ring, evilmike_ruin_ashenzari
D:4:      layout_loops_ring, uniq_blork_the_orc
D:5:      layout_loops_corners, mainiacjoe_overflow_alcove_1,
          minmay_temple_entry_from_below_a
D:6:      layout_basic, grunt_dithmenos_smoke_and_mirrors, uniq_menkaure,
          uniq_prince_ribbit1, uniq_eustachio, uniq_maggie
D:7:      layout_basic, nicolae_hepliaklqana_monster_ancestors,
          lemuel_flamethrower_1
D:8:      layout_basic, nicolae_two_hexagons
D:9:      layout_roguey, old_standard_altar, gammafunk_ghost_stat_death,
          chequers_serial_rivers_room_b
D:10:     layout_stronghold, tgw_trog, david_lair_shrubbed
D:11:     layout_rooms, orc_0_dummy, hellmonk_ghost_happy_afterlife,
          gauntlet_entry_generic
Lair:1:   layout_hall_layers, infiniplex_staircase_pool_2, lemuel_fruit_tree,
          grunt_megastairs_2
Gauntlet: gammafunk_gauntlet_branching [gammafunk_gauntlet_arena_mazey,
          minmay_gauntlet_arena_make_your_own_arena,
          gammafunk_gauntlet_arena_spirals, gammafunk_gauntlet_arena_grid,
          gammafunk_gauntlet_arena_hedges, gammafunk_gauntlet_arena_chambers,
          gammafunk_gauntlet_arena_split_diamond,
          nicolae_gauntlet_arena_grate_2, gauntlet_exit_hidden_loot]

Skill      XL: |  1  2  3  4  5  6  7  8  9 10 11 12 |
---------------+-------------------------------------+-----
Spellcasting   | 3 4 5 6 7 9 11 13 14 | 14.6
Stealth        | 2 3 4 |  4.4
Fighting       | 1 |  1.4
Dodging        | 3 |  3.1
Armour         | 1 |  1.8

Action                   |  1- 3 |  4- 6 |  7- 9 | 10-12 || total
-------------------------+-------+-------+-------+-------++-------
 Cast: Foxfire           |    77 |   139 |   184 |   246 ||   646
       Scorch            |    11 |    22 |    18 |    56 ||   107
       Inner Flame       |       |    13 |    44 |    81 ||   138
       Swiftness         |       |       |     1 |     3 ||     4
       Conjure Flame     |       |       |     2 |       ||     2
       Flame Wave        |       |       |       |     3 ||     3
       Summon Guardian G |       |       |       |    28 ||    28
       Beastly Appendage |       |       |       |     2 ||     2
       Summon Mana Viper |       |       |       |    19 ||    19
       Poisonous Vapours |       |       |       |     2 ||     2
Invok: Ancestor Life: He |       |       |       |     1 ||     1
       Recall Ancestor   |       |       |       |     1 ||     1
Evoke: Wand              |       |       |       |     1 ||     1
  Use: Scroll            |       |       |       |    10 ||    10
       Potion            |       |       |       |     1 ||     1
Armor: Robe              |     3 |     1 |       |     4 ||     8
       Troll leather arm |       |       |       |     7 ||     7
Dodge: Dodged            |     3 |     3 |     6 |    14 ||    26
